 Dungeon Crawl Stone Soup version 0.29.1-15-g9cfb28693d (webtiles) character file.

Game seed: 10212492359030309072

6024 ChiefBigBeans the Trooper (level 10, -3/104 HPs)
             Began as a Troll Gladiator on Feb 21, 2023.
             Was a Believer of Nemelex Xobeh.
             Slain by valliere's ghost (6 damage)
             ... on level 9 of the Dungeon.
             The game lasted 00:45:19 (9094 turns).

ChiefBigBeans the Trooper (Troll Gladiator)         Turns: 9094, Time: 00:45:19

Health: -3/104     AC: 10    Str: 26    XL:     10   Next: 56%
Magic:  9/9        EV: 13    Int:  6    God:    Nemelex Xobeh [**....]
Gold:   715        SH:  5    Dex: 17    Spells: 9/9 levels left

rFire   + + .      SeeInvis .   z - +8 falchion of the Desert {drain, rF+ Int+2 Dex-2}
rCold   . . .      Faith    .   (no shield)
rNeg    . . .      Spirit   .   v - +0 steam dragon scales
rPois   .          Reflect  +   b - +0 hat
rElec   .          Harm     .   r - +2 cloak {Stlth+}
rCorr   +          Rampage  .   (gloves unavailable)
Will    .....                   (boots unavailable)
Stlth   +++.......              n - amulet "Hamnu" {Reflect rCorr SH+5}
HPRegen 1.07/turn               g - +6 ring of dexterity
MPRegen 0.11/turn               (no ring)

@: lethally poisoned (-3 -> -4), hasted, very quick
A: large, unfitting armour, claws 3, regeneration 1, shaggy fur 1, tough skin 1,
fire resistance 1
a: Renounce Religion, Draw Escape, Draw Destruction, Draw Summoning


You were on level 9 of the Dungeon.
You worshipped Nemelex Xobeh.
Nemelex Xobeh was pleased with you.
You visited 2 branches of the dungeon, and saw 10 of its levels.

You collected 812 gold pieces.
You spent 97 gold pieces at shops.

Inventory:

Hand Weapons
 q - a +5 quarterstaff of chaos
 z - the +8 falchion of the Desert (weapon) {drain, rF+ Int+2 Dex-2}
   (You took it off an orc on level 9 of the Dungeon)

   A truly terrible weapon, it drains the life of any living foe it strikes.
   Int:       It affects your intelligence (+2).
   Dex:       It affects your dexterity (-2).
   rF:        It protects you from fire.
Missiles
 a - 2 atropa-tipped darts
 k - 24 poisoned darts (quivered)
 p - 2 curare-tipped darts
 u - a large rock
Armour
 b - a +0 hat (worn)
 c - a +2 animal skin
 r - a +2 cloak of stealth (worn)
 v - +0 steam dragon scales (worn)
 D - a +0 tower shield
Jewellery
 g - a +6 ring of dexterity (left claw)
 n - the amulet "Hamnu" (around neck) {Reflect rCorr SH+5}
   (You acquired it on level 8 of the Dungeon)

   [amulet of reflection]

   It reflects blocked missile attacks.
   rCorr:     It protects you from acid and corrosion.
   SH:        It affects your SH (+5).
 B - an amulet of magic regeneration
Wands
 e - a wand of iceblast (6)
 m - a wand of charming (8)
 w - a wand of light (10)
 y - a wand of polymorph (29)
 A - a wand of digging (3)
Scrolls
 f - 2 scrolls of identify
 l - 2 scrolls of immolation
 o - a scroll of fog
 s - a scroll of fear
 t - 2 scrolls of vulnerability
 C - a scroll of teleportation
Potions
 d - 2 potions of attraction
 h - 3 potions of flight


   Skills:
 + Level 7.9 Fighting
 + Level 6.8 Staves
 - Level 4.5 Throwing
 + Level 7.3 Dodging
 - Level 5.0 Unarmed Combat


You had 9 spell levels left.
You didn't know any spells.
Your spell library contained the following spells:

 Spells                   Type           Power      Damage    Failure   Level
 Necrotise                Necr           0%         1d4       45%         1
 Summon Small Mammal      Summ           0%         N/A       45%         1
 Blink                    Tloc           0%         N/A       58%         2
 Scorch                   Fire           0%         2d5       58%         2
 Call Canine Familiar     Summ           0%         N/A       83%         3
 Lesser Beckoning         Tloc           0%         N/A       83%         3
 Summon Guardian Golem    Hex/Summ       0%         N/A       83%         3
 Vampiric Draining        Necr           0%         2d6       83%         3
 Flame Wave               Conj/Fire      0%         2d4       99%         4
 Hailstorm                Conj/Ice       0%         3d3       99%         4
 Ice Form                 Ice/Tmut       0%         N/A       99%         4
 Agony                    Necr           0%         N/A       100%        5
 Manifold Assault         Tloc           0%         N/A       100%        5
 Simulacrum               Ice/Necr       0%         N/A       100%        6
 Summon Cactus Giant      Summ           0%         N/A       100%        6
 Borgnjor's Revivificati  Necr           0%         N/A       100%        8
 Necromutation            Tmut/Necr      0%         N/A       100%        8
 Death's Door             Necr           0%         N/A       100%        9


Dungeon Overview and Level Annotations

Branches:
Dungeon (9/15)             Temple (1/1) D:4             Orc (0/2) D:9
   Lair: D:8-11

Altars:
Ashenzari
Cheibriados
Dithmenos
Elyvilon
Fedhas
Gozag
Hepliaklqana
Kikubaaqudgha
Makhleb
Nemelex Xobeh
Okawaru
Qazlal
Ru
Sif Muna
Trog
Uskayaw
Vehumet
Wu Jian
Xom
Yredelemnul
Zin
The Shining One

Shops:
D:3 ?

Annotations:
D:9 valliere's ghost, novice DrTm


Innate Abilities, Weirdness & Mutations

You are too large for most types of armour.
You have claws for hands.
Your natural rate of healing is unusually fast.
You are covered in fur. (AC +1)
You have tough skin. (AC +1)
Your flesh is heat resistant. (rF+)


Message History

You feel clumsy.
You sense an unholy aura.
z - the +8 falchion of the Desert (weapon)
{drain, rF+ Int+2 Dex-2} You feel sick.
Valliere's ghost hits your rakshasa!
You swap places.
You feel sick.
* * * LOW HITPOINT WARNING * * *
You are more poisoned.
Your ufetubus dies!
Your ufetubus disappears in a puff of smoke!
Your ufetubus dies!
Your ufetubus disappears in a puff of smoke!
Your ufetubus is poisoned.
Valliere's ghost's toxic aura wanes.
You swap places.
* * * LOW HITPOINT WARNING * * *
You feel sick.
Your ufetubus dies!
Your ufetubus disappears in a puff of smoke!
Your rakshasa hits valliere's ghost with a +0 trident!
Valliere's ghost hits your rakshasa!
Your rakshasa dies!
Your rakshasa disappears in a puff of smoke!
Valliere's ghost turns its malevolent gaze towards you.
You swap places.
* * * LOW HITPOINT WARNING * * *
You feel sick.
* * * LOW HITPOINT WARNING * * *
You feel sick.
Valliere's ghost points at you and mumbles some strange words.
Your ynoxinul resists with some effort.
You swap places.
* * * LOW HITPOINT WARNING * * *
You feel sick.
Valliere's ghost hits you but does no damage.
You see here an orc corpse.
You hit valliere's ghost but do no damage.
Valliere's ghost is severely damaged.
You feel sick. Valliere's ghost hits you.
You die...
Your body disappears without a glow.

###.# ####.##### ##.#.#
#........# ########....#
#.##.###.# ###
#.[........)###.##.# #.# #..
#.######.........#.###.## #.. #.#
##.#....D........# #.. ##.#
#.#####D######..# #.. ...# #.#
#3# #..# #.. #### ##+## #@#
####..# #.# ##...## #W###.....#
#.# ##
##.....###g##..###.######.. .##
##........oo).........#.....
..####......8...))........8#.####
†....'......######'''######......
..####......#.............##.####
.## ##.....#....#####....##.# #.
.# ##....#.###..o..###.##.# #.


You could see valliere's ghost (ally target), 2 orcs, a hobgoblin (misshapen), a
friendly ynoxinul (summoned) and 2 friendly acid dragons.

Vanquished Creatures
  A two-headed ogre (D:9)
  Pikel (D:7)
  An ugly thing (D:8)
  Joseph (D:7)
  A hornet (D:8)
  A shadow (D:9)
  3 steam dragons (D:8)
  An acid dragon (D:9)
  Duvessa (D:7)
  A sky beast (D:7)
  2 ice beasts (D:6)
  3 orc warriors
  3 ogres
  A black bear (D:6)
  A boggart (D:9)
  A centaur (D:8)
  2 necrophages
  A kobold brigand (D:8)
  4 bullfrogs
  3 scorpions
  2 wights (D:8)
  Dowan (D:7)
  5 killer bees (D:9)
  A howler monkey (D:7)
  A hound (D:7)
  A jelly (D:7)
  Crazy Yiuf (D:2)
  9 orc priests
  Jessica (D:3)
  Ijyb (D:3)
  4 iguanas
  Natasha (twice) (D:2)
  6 orc wizards
  Robin (D:3)
  4 gnolls
  4 adders
  2 shadow imps
  4 white imps
  2 worms
  2 dart slugs
  54 orcs
  10 ball pythons
  4 endoplasms
  A giant cockroach (D:3)
  12 goblins
  11 hobgoblins
  2 jackals (D:1)
  2 quokkas (D:2)
  7 bats
  2 frilled lizards
  10 kobolds
  6 rats
208 creatures vanquished.

Vanquished Creatures (collateral kills)
  A steam dragon (D:8)
  A scorpion (D:9)
  A hound (D:9)
  An orc priest (D:9)
  An orc (D:8)
  A ball python (D:9)
6 creatures vanquished.

Vanquished Creatures (others)
  2 orcs
2 creatures vanquished.

Grand Total: 216 creatures vanquished

Notes
Turn   | Place    | Note
-------+----------+-------------------------------------------
     0 | D:1      | ChiefBigBeans the Troll Gladiator began the quest for the
                  | Orb.
     0 | D:1      | Reached XP level 1. HP: 19/19 MP: 0/0
   368 | D:1      | Reached XP level 2. HP: 20/28 MP: 1/1
   957 | D:2      | Noticed Natasha
   961 | D:2      | Reached XP level 3. HP: 34/35 MP: 2/2
   962 | D:2      | Killed Natasha
  1235 | D:2      | Found a faded altar of an unknown god.
  1472 | D:2      | Reached XP level 4. HP: 42/42 MP: 3/3
  1472 | D:2      | Noticed Natasha
  1486 | D:2      | Killed Natasha
  1505 | D:2      | Found a runed translucent door.
  1506 | D:2      | Noticed Crazy Yiuf
  1514 | D:2      | Killed Crazy Yiuf
  1935 | D:2      | Lost intelligence.
  1935 | D:2      | Gained mutation: Your muscles are strong. (Str +4, Int/Dex
                  | -1) [potion of mutation]
  1935 | D:2      | Gained mutation: Your flesh is heat resistant. (rF+)
                  | [potion of mutation]
  1935 | D:2      | Lost mutation: Your muscles are strong. (Str +4, Int/Dex
                  | -1) [potion of mutation]
  2200 | D:3      | Noticed Jessica
  2221 | D:3      | Noticed a bullfrog
  2229 | D:3      | Killed a bullfrog
  2230 | D:3      | Reached XP level 5. HP: 29/52 MP: 4/4
  2230 | D:3      | Killed Jessica
  2250 | D:3      | Noticed Ijyb
  2294 | D:3      | Noticed Robin
  2309 | D:3      | Killed Ijyb
  2338 | D:3      | Killed Robin
  2339 | D:3      | Reached XP level 6. HP: 61/61 MP: 5/5
  2395 | D:3      | Found Tivepn's Magic Scroll Shoppe.
  2405 | D:3      | Bought a scroll of enchant armour for 97 gold pieces
  2843 | D:3      | You fall into a shaft and drop 2 floors!
  2843 | D:5      | Entered Level 5 of the Dungeon
  3128 | D:4      | Reached skill level 5 in Unarmed Combat
  3130 | D:4      | Reached XP level 7. HP: 48/68 MP: 6/6
  3924 | D:4      | Reached skill level 1 in Staves
  4099 | D:4      | Found a staircase to the Ecumenical Temple.
  4103 | Temple   | Entered the Ecumenical Temple
  4120 | Temple   | Became a worshipper of Nemelex Xobeh the Trickster
  4729 | D:5      | Found a shadowy altar of Dithmenos.
  5046 | D:6      | Reached XP level 8. HP: 79/79 MP: 7/7
  5107 | D:6      | Found a broken altar of Ashenzari.
  5303 | D:6      | Reached skill level 5 in Fighting
  5303 | D:6      | Found a radiant altar of Vehumet.
  5829 | D:7      | Reached * piety under Nemelex Xobeh
  5906 | D:7      | Noticed Joseph
  5911 | D:7      | Noticed Dowan
  5928 | D:7      | Killed Dowan
  5932 | D:7      | Killed Joseph
  5940 | D:7      | Noticed Duvessa
  5952 | D:7      | Killed Duvessa
  5953 | D:7      | Reached skill level 5 in Dodging
  5953 | D:7      | Reached XP level 9. HP: 58/89 MP: 8/8
  6454 | D:7      | Noticed Pikel
  6465 | D:7      | Killed Pikel
  6466 | D:7      | Reached skill level 5 in Staves
  6479 | D:7      | Found an ornate altar of the Wu Jian Council.
  6696 | D:7      | Found a burning altar of Makhleb.
  7009 | D:8      | Received a gift from Nemelex Xobeh
  7071 | D:8      | Identified a scroll of acquirement
  7073 | D:8      | Acquired the amulet "Hamnu" {Reflect rCorr SH+5}
  7360 | D:8      | Reached XP level 10. HP: 70/101 MP: 9/9
  7390 | D:8      | Reached ** piety under Nemelex Xobeh
  7466 | D:8      | Noticed a cyan ugly thing
  7477 | D:8      | Killed a red ugly thing
  7944 | D:9      | Found a staircase to the Orcish Mines.
  7966 | D:9      | Received a gift from Nemelex Xobeh
  8280 | D:9      | Found a blossoming altar of Fedhas.
  8313 | D:9      | Found a sacrificial altar of Ru.
  8319 | D:9      | Found a shimmering blue altar of Sif Muna.
  8349 | D:9      | Identified the +8 falchion of the Desert {drain, rF+ Int+2
                  | Dex-2}
  8632 | D:9      | Noticed a two-headed ogre
  8643 | D:9      | Killed a two-headed ogre
  8691 | D:9      | Found a runed translucent gate.
  8691 | D:9      | Found a runed translucent gate.
  8691 | D:9      | Found a runed translucent gate.
  8691 | D:9      | Noticed valliere's ghost (novice DrTm)
  8700 | D:9      | Identified the +6 plate armour of Feasting {rF+ Regen+}
  9092 | D:9      | HP: 5/104 [poisoned by valliere's ghost (toxic radiance)]
  9094 | D:9      | Slain by valliere's ghost

Illustrated notes

Levels and vault maps discovered:
D:1:      dpeg_arrival_circle_labyrinth_a, layout_basic
D:2:      layout_basic, hellmonk_ecumenical_altar_prayer_group,
          minmay_pentomino_r2, uniq_natasha, uniq_crazy_yiuf_cottage
D:3:      layout_loops_ring, serial_shops, nicolae_square_shop, uniq_jessica,
          uniq_robin, uniq_ijyb
D:4:      layout_basic, minmay_temple_entry_glassed_door, chequers_avenue,
          palyth_stone_intersect
D:5:      layout_rooms, lemuel_doored_altar
D:6:      layout_cave_pools, mainiacjoe_overflow_concentric_impassable,
          general_overflow_altar, hangedman_decor_clover_reticule,
          nrook_mini_backslash
D:7:      layout_loops_ring, kennysheep_mini, mainiacjoe_overflow_alcove_1,
          serial_rivers, chequers_serial_rivers_micro_e,
          chequers_serial_rivers_room_a, chequers_serial_rivers_large_b,
          chequers_serial_rivers_micro_d, chequers_serial_rivers_large_a,
          chequers_serial_rivers_micro_a, uniq_pikel, uniq_duvessa, uniq_joseph
D:8:      minmay_angry_zag, layout_basic, minmay_checkerbox
D:9:      layout_loops_corners, minmay_overflow_temple_star_quad,
          hiddenorc2_lemuel, biasface_ghost_orc_armoury,
          corexii_mini_fake_secret_closet
Temple:   nicolae_temple_superstar

Skill      XL: |  1  2  3  4  5  6  7  8  9 10 |
---------------+-------------------------------+-----
Throwing       | 2 3 4 |  4.5
Fighting       | 2 3 4 5 7 |  7.9
Unarmed Combat | 4 5 |  5.0
Staves         | 2 4 5 6 |  6.8
Dodging        | 3 5 6 7 |  7.3

Action                   |  1- 3 |  4- 6 |  7- 9 | 10-12 || total
-------------------------+-------+-------+-------+-------++-------
Melee: Unarmed           |    77 |    12 |       |       ||    89
       Quarterstaff      |       |    98 |   207 |   128 ||   433
       Falchion          |       |       |       |     1 ||     1
Throw: Large rock        |     8 |     6 |     4 |       ||    18
       Throwing net      |     1 |       |       |       ||     1
       Dart              |       |     5 |    32 |     5 ||    42
       Boomerang         |       |     4 |    10 |       ||    14
Invok: Draw Destruction  |       |       |       |     5 ||     5
       Draw Escape       |       |       |       |     2 ||     2
       Draw Summoning    |       |       |       |     1 ||     1
Evoke: Wand              |       |     1 |     2 |     3 ||     6
  Use: Scroll            |     3 |     4 |     9 |     5 ||    21
       Potion            |       |     5 |     5 |     2 ||    12
 Stab: Sleeping          |       |       |     5 |       ||     5
       Invisible         |       |       |     2 |       ||     2
       Paralysed         |       |       |     1 |       ||     1
       Petrifying        |       |       |       |     1 ||     1
Armor: Robe              |    34 |    36 |       |       ||    70
       Animal skin       |       |    30 |    60 |       ||    90
       Steam dragon scal |       |       |    25 |    55 ||    80
Dodge: Dodged            |    47 |    84 |   127 |   117 ||   375
Block: Other             |       |       |     6 |    51 ||    57
